 Dungeon Crawl Stone Soup version 0.17.0-56-gd8de76c (webtiles) character file.

143 Gogosan the Sneak (level 5, -17/26 HPs)
             Began as a Vine Stalker Assassin on Dec 5, 2015.
             Demolished by an ogre
             ... wielding a +0 giant spiked club
              (19 damage)
             ... on level 3 of the Dungeon.
             The game lasted 00:37:17 (3998 turns).

Gogosan the Sneak (Vine Stalker Assassin)           Turns: 3998, Time: 00:37:17

Health: -17/26     AC: 14    Str: 14    XL:     5   Next: 25%
Magic:  0/6        EV:  4    Int: 11    God:
Gold:   30         SH:  0    Dex: 19    Spells: 0 memorised, 4 levels left

rFire  . . .     SeeInvis .     a - +2 dagger
rCold  . . .     Clarity  .     x - +1 plate armour
rNeg   . . .     SustAt   .     (no shield)
rPois  .         Gourm    .     (no helmet)
rElec  .         Spirit   +     d - +0 cloak
rCorr  .         Warding  .     v - +1 pair of gloves {Dex+3}
rMut   .         Stasis   .     (no boots)
MR     .....                    (no amulet)
Stlth  ..........               (no ring)
                                (no ring)

@: about to teleport, not resistant to hostile enchantments, extremely
unstealthy
A: fangs 2, regeneration 1, magic shield, antimagic bite, no device heal 3, rot
immunity
a: no special abilities


You were on level 3 of the Dungeon.
You were hungry.

You visited 1 branch of the dungeon, and saw 4 of its levels.

You collected 30 gold pieces.

Inventory:

Hand Weapons
 a - a +2 dagger (weapon)
 b - a +0 blowgun
 e - a +0 trident
 f - a +0 spear
 h - a +0 hand axe
 l - a cursed -1 dagger
 o - a +0 falchion
 q - a +0 dagger
 r - a +0 flail
 y - a +0 club
Missiles
 k - 62 stones (quivered)
 m - 3 poisoned needles
 t - 33 arrows
 w - a curare-tipped needle
Armour
 c - a +0 robe
 d - a +0 cloak (worn)
 j - a +0 ring mail
 p - a +1 ring mail
 v - a +1 pair of gloves of dexterity (worn)
 x - a +1 plate armour (worn)
Scrolls
 g - a scroll of identify
 s - a scroll of immolation
Potions
 i - a potion of curing
 u - a potion of poison {unknown}
 z - a potion of degeneration {unknown}


   Skills:
 + Level 2.1 Fighting
 + Level 2.0 Short Blades
 + Level 2.4 Throwing
 + Level 1.3 Armour
 + Level 1.4 Dodging
 + Level 6.4 Stealth


You had 4 spell levels left.
You didn't know any spells.

Dungeon Overview and Level Annotations

Branches:
Dungeon (4/15)
 Temple: D:4-7

Altars:
Dithmenos
Elyvilon

Annotations:
D:4 Edmund; Sigmund; mythicalmythos's ghost, amateur OpTm


Innate Abilities, Weirdness & Mutations

You have extremely sharp teeth.
Your natural rate of healing is unusually fast.
When hurt, damage is shared between your health and your magic reserves.
Your bite disrupts and absorbs the magic of your enemies.
Potions and wands cannot restore your health.
You are immune to rotting.


Message History

There is a stone staircase leading up here.
The crimson imp drinks a potion.
The crimson imp seems to speed up.
You climb upwards.
There is a stone staircase leading down here.
The ogre hits you with a giant spiked club!
Things that are here:
a leather armour; a short sword You see here a stone.
You see here a dagger.
The ogre hits you with a giant spiked club!
The ogre hits you with a giant spiked club!
* * * LOW HITPOINT WARNING * * *
You have no ailments to cure.
There is an open door here.
There's nothing to close nearby.
As you read the scroll of teleportation, it crumbles to dust.
You feel strangely unstable.
The ogre hits you with a giant spiked club!!
Ouch! That really hurt!
You die...

#.#.#.#########.#
#.#.#.# . ..# #.#
#.#)#.#.# #.# #.#
#.#.#.#.# #.# #.#
#.#.....# #.# #.#
#.#<#.#####.###.#
#.#.#.........#.#
#.#.###O###.#.#.###
#.###≈#@#≈##......#
#.###_..._##..#.#.#
#.#.#######.....#.#
#.#.#..##########.##
#.#.#..............#
#.#.##.#############
#####'#.....#
######......############
.....'......'...........


You could see an ogre.

Vanquished Creatures
  An iguana (D:4)
  3 gnolls (D:3)
  4 adders
  An adder skeleton (D:4)
  A worm (D:4)
  3 giant geckos (D:3)
  5 orcs (D:3)
  2 bats
  2 giant cockroaches
  5 goblins
  2 hobgoblins
  5 kobolds
  3 giant newts
  4 jackals (D:2)
  5 rats
46 creatures vanquished.

Notes
Turn   | Place    | Note
--------------------------------------------------------------
     0 | D:1      | Gogosan the Vine Stalker Assassin began the quest for the Orb.
     0 | D:1      | Reached XP level 1. HP: 11/11 MP: 2/2
    93 | D:1      | Reached skill level 5 in Stealth
   238 | D:1      | Reached XP level 2. HP: 12/15 MP: 1/3
   722 | D:3      | Reached XP level 3. HP: 18/18 MP: 4/4
  1139 | D:3      | Reached skill level 1 in Dodging
  1286 | D:4      | Noticed Sigmund
  1299 | D:4      | Noticed mythicalmythos's ghost (amateur OpTm)
  1905 | D:3      | Reached skill level 6 in Stealth
  1905 | D:3      | Reached XP level 4. HP: 23/23 MP: 5/5
  2684 | D:4      | Reached skill level 1 in Armour
  2726 | D:4      | Reached XP level 5. HP: 18/26 MP: 6/6
  3002 | D:4      | Noticed Edmund
  3186 | D:4      | Noticed an ogre
  3233 | D:3      | Found a white marble altar of Elyvilon.
  3233 | D:3      | Found a shadowy altar of Dithmenos.
  3994 | D:3      | HP: 1/26 [ogre/giant spiked club (9)]
  3998 | D:3      | Demolished by an ogre

Action                   |  1- 3 |  4- 6 || total
-------------------------+-------+-------++-------
Melee: Dagger            |    73 |    66 ||   139
       Spear             |       |     2 ||     2
 Fire: Blowgun           |    16 |    20 ||    36
Throw: Stone             |       |     5 ||     5
  Use: Scroll            |       |     7 ||     7
 Stab: Sleeping          |     7 |       ||     7
       Distracted        |       |     1 ||     1
  Eat: Bread ration      |     1 |     1 ||     2
